 Dungeon Crawl Stone Soup version 0.29.1-15-g9cfb28693d (webtiles) character file.

Game seed: 7121917793304509700

51 Akroth the Grave Robber (level 3, -2/24 HPs)
             Began as a Vampire Necromancer on Mar 26, 2023.
             Slain by a gnoll
             ... wielding a +0 halberd
              (13 damage)
             ... on level 2 of the Dungeon on Mar 27, 2023.
             The game lasted 00:18:19 (1356 turns).

Akroth the Grave Robber (Vampire Necromancer)       Turns: 1356, Time: 00:18:20

Health: -2/24      AC:  2    Str:  7    XL:     3   Next: 58%
Magic:  0/7        EV: 12    Int: 19    God:
Gold:   45         SH:  0    Dex: 14    Spells: 3/7 levels left

rFire   . . .      SeeInvis +   (no weapon)
rCold   + . .      Faith    .   (no shield)
rNeg    . . .      Spirit   .   a - +0 robe
rPois   .          Reflect  .   (no helmet)
rElec   .          Harm     .   (no cloak)
rCorr   .          Rampage  .   (no gloves)
Will    .....                   (no boots)
Stlth   ++........              (no amulet)
HPRegen 0.28/turn               f - ring of protection from cold
MPRegen 0.10/turn               (no ring)

@: healing quickly
A: alive, fangs 3, see invisible, vampiric 2
a: Exsanguinate


You were on level 2 of the Dungeon.
You visited 1 branch of the dungeon, and saw 2 of its levels.

You collected 45 gold pieces.

Inventory:

Armour
 a - a +0 robe (worn)
Jewellery
 f - a ring of protection from cold (left hand)
Wands
 l - a wand of digging (7)
Scrolls
 j - a scroll of butterflies
 k - a scroll of enchant weapon
Potions
 b - a potion of magic
 c - a potion of mutation {unknown}
 d - a potion of haste
 e - a potion of curing
 g - a potion of ambrosia {unknown}
 h - a potion of brilliance {unknown}
 i - a potion of flight {unknown}
 m - a potion of heal wounds {unknown}


   Skills:
 + Level 2.5 Dodging
 + Level 3.2 Stealth
 + Level 2.6 Spellcasting
 + Level 5.1 Necromancy


You had 3 spell levels left.
You knew the following spells:

 Your Spells              Type           Power      Damage    Failure   Level
a - Necrotise             Necr           88%        1d8       1%          1
b - Vampiric Draining     Necr           22%        2d7       5%          3

Your spell library contained the following spells:

 Spells                   Type           Power      Damage    Failure   Level
 Frozen Ramparts          Ice            4%         1d1       43%         3
 Animate Dead             Necr           22%        N/A       19%         4
 Agony                    Necr           22%        N/A       45%         5
 Ice Form                 Ice/Tmut       2%         N/A       83%         4
 Summon Ice Beast         Ice/Summ       2%         N/A       83%         4


Dungeon Overview and Level Annotations

Branches:
Dungeon (2/15)

Altars:


Innate Abilities, Weirdness & Mutations

Your natural rate of healing is accelerated.
You have razor-sharp teeth.
You have supernaturally acute eyesight. (SInv)
You are afflicted with vampirism and can become a bat while bloodless.


Message History

The worm writhes in agony.
A jackal comes into view.
The worm closely misses you.
The jackal moves out of view.
Casting: Necrotise (safe; 1% risk of failure)
Confirm with . or Enter, or press ? or * to list all spells.
You don't know that spell.
The worm bites you.
Casting: Necrotise (safe; 1% risk of failure)
Confirm with . or Enter, or press ? or * to list all spells.
The spell is quite dangerous to miscast (5% risk of failure)!
Continue anyway?
Aiming: Vampiric Draining (quite dangerous; 5% risk of failure)
Press: ? - help, Shift-Dir - straight line, f/p - worm
Aim: a worm (heavily wounded)
You draw life force from the worm!
You feel life coursing into your body.
The gnoll hits you from afar with a +0 halberd.
You hit the worm.
The worm is almost dead.
A jackal comes into view.
The worm barely misses you.
The gnoll hits you from afar with a +0 halberd.
Casting: Vampiric Draining (quite dangerous; 5% risk of failure)
Confirm with . or Enter, or press ? or * to list all spells.
You don't have enough magic to cast this spell.
The gnoll closely misses you.
The gnoll hits you from afar with a +0 halberd!
There is an open door, spattered with blood here.
Casting: Vampiric Draining (quite dangerous; 5% risk of failure)
Confirm with . or Enter, or press ? or * to list all spells.
Okay, then.
Casting: Vampiric Draining (quite dangerous; 5% risk of failure)
Confirm with . or Enter, or press ? or * to list all spells.
Okay, then.
Aiming: Necrotise (safe; 1% risk of failure)
Press: ? - help, Q - select action Shift-Dir - straight line, f/p - worm
Aim: a worm (severely wounded, chance to affect: 86%)
The worm writhes in agony!
You kill the worm!
The gnoll hits you from afar with a +0 halberd!
Ouch! That really hurt!
You die...

######.####.#.# #...##.#
#.#.# #.#.##.#
#.#.######
#.#.##.####'#'##...#
#....#.........'...+
#.####..##.....#...#####
#.####..##..............
#.......#######.#######.
#######.# ##@#......h
#......# #..........
#.###### #...g....##
###'###### #........#
#........# ####..##.#
#........# .... ..
#........# ....# .
#........# .....#
#........# .....#


You could see a gnoll.

Vanquished Creatures
  An adder (D:2)
  A worm (D:2)
  5 endoplasms
  4 giant cockroaches (D:1)
  4 goblins (D:1)
  5 hobgoblins (D:1)
  A quokka (D:1)
  3 ball pythons
  2 bats
  9 kobolds
  2 rats
37 creatures vanquished.

Vanquished Creatures (collateral kills)
  An endoplasm (D:1)
  A goblin (D:1)
  A kobold (D:1)
3 creatures vanquished.

Vanquished Creatures (others)
  A plant (D:1)
1 creature vanquished.

Grand Total: 41 creatures vanquished

Notes
Turn   | Place    | Note
-------+----------+-------------------------------------------
     0 | D:1      | Akroth the Vampire Necromancer began the quest for the Orb.
     0 | D:1      | Reached XP level 1. HP: 13/13 MP: 3/3
   193 | D:1      | Reached XP level 2. HP: 14/19 MP: 1/5
   454 | D:1      | Reached skill level 5 in Necromancy
   460 | D:1      | Gained mutation: You are afflicted with vampirism and can
                  | become a bat while bloodless. [Vampire growth]
   460 | D:1      | Reached XP level 3. HP: 16/24 MP: 0/6
  1013 | D:2      | Learned a level 3 spell: Vampiric Draining
  1356 | D:2      | Slain by a gnoll

Illustrated notes

Levels and vault maps discovered:
D:1:      ebering_hopf_link, layout_loops_ring, skrybe_limestone_x, st_stairs_9,
          serial_bayou_pond_d
D:2:      layout_basic, ebering_ecumenical_altar_abandoned

Skill      XL: |  1  2 |
---------------+-------+-----
Necromancy     | 5 |  5.1
Dodging        | |  2.5
Stealth        | |  3.2
Spellcasting   | |  2.6

Action                   || total
-------------------------++-------
Melee: Unarmed           ||    91
       Bite              ||     9
 Cast: Necrotise         ||    51
       Vampiric Draining ||     3
  Use: Scroll            ||     4
 Stab: Sleeping          ||     1
Armor: Robe              ||    29
Dodge: Dodged            ||    93
